 Dungeon Crawl Stone Soup version 0.24.0-13-gcf9b3192b9 (webtiles) character file.

Game seed: 4737435144564230613, levelgen mode: deterministic

2491 Matador8 the Slicer (level 9, 0/47 HPs)
             Began as a Vampire Enchanter on Nov 9, 2019.
             Was a Follower of Nemelex Xobeh.
             Slain by an ooze (3 damage)
             ... on level 7 of the Dungeon.
             The game lasted 00:54:22 (8160 turns).

Matador8 the Slicer (Vampire Enchanter)             Turns: 8160, Time: 00:54:22

Health: 0/47       AC:  5    Str: 10    XL:     9   Next: 27%
Magic:  2/15       EV: 12    Int: 18    God:    Nemelex Xobeh [*.....]
Gold:   253        SH:  0    Dex: 14    Spells: 3/16 levels left

rFire    + . .     SeeInvis +   b - +1 dagger (venom)
rCold    + . .     Gourm    .   (no shield)
rNeg     + + +     Faith    .   m - +0 robe
rPois    ∞         Spirit   .   M - +0 helmet
rElec    .         Reflect  .   k - +1 cloak
rCorr    .         Harm     .   (no gloves)
MR       .....                  (no boots)
Stlth    ++++++....             (no amulet)
HPRegen  0.00/turn              u - ring of fire
MPRegen  0.14/turn              A - ring of stealth

@: flying, bloodless, regenerating quickly
A: no food, fangs 3, see invisible, unbreathing
a: Bat Form, Revivify, Draw Escape, Draw Destruction, Draw Summoning, Renounce
Religion


You were on level 7 of the Dungeon.
You worshipped Nemelex Xobeh.
Nemelex Xobeh was aware of your devotion.
You were bloodless.

You visited 2 branches of the dungeon, and saw 8 of its levels.

You collected 253 gold pieces.

Inventory:

Hand Weapons
 a - a +0 short sword of venom
 b - a +1 dagger of venom (weapon)
 g - a +1 dagger
 t - a cursed -1 long sword
 w - a cursed -3 whip
 H - a +2 short sword of speed
Missiles
 D - 2 curare-tipped darts (quivered)
Armour
 e - a +0 leather armour
 f - a +0 buckler
 k - a +1 cloak (worn)
 m - a +0 robe (worn)
 G - the +0 Maxwell's etheric cage {RegenMP+ *Contam rElec MP+4}
   (You found it on level 5 of the Dungeon)

   It insulates you from electricity.
   It affects your magic capacity (+4).
   It causes magical contamination when unequipped.
 M - a +0 helmet (worn)
Jewellery
 u - a ring of fire (left hand)
 A - a ring of stealth (right hand)
 J - an uncursed ring of poison resistance
 K - an uncursed ring of protection from cold
Wands
 n - a wand of flame (4)
 p - a wand of enslavement (3)
 E - a wand of random effects (15)
Scrolls
 c - 7 scrolls of identify
 d - 2 scrolls of enchant weapon
 h - 3 scrolls of enchant armour
 i - 4 scrolls of remove curse
 j - a scroll of blinking {unknown}
 v - 3 scrolls of teleportation {unknown}
 y - 2 scrolls of fear {unknown}
 B - 2 scrolls of magic mapping {unknown}
 C - a scroll of random uselessness {unknown}
 F - a scroll of vulnerability {unknown}
 L - a scroll of fog {unknown}
Potions
 l - a potion of heal wounds {unknown}
 o - a potion of invisibility {unknown}
 q - 2 potions of might
 r - a potion of mutation {unknown}
 s - 2 potions of flight
 x - a potion of cancellation {unknown}
 z - a potion of lignification {unknown}
 I - a potion of degeneration {unknown}


   Skills:
 + Level 1.1 Fighting
 - Level 10.0 Short Blades
 - Level 2.1 Dodging
 - Level 5.6 Stealth
 - Level 4.0 Spellcasting
 - Level 2.3 Conjurations
 - Level 7.0 Hexes
 - Level 3.0 Ice Magic
 + Level 3.1 Invocations


You had 3 spell levels left.
You knew the following spells:

 Your Spells              Type           Power        Failure   Level  Hunger
a - Corona                Hex            ####...      1%          1    N/A
b - Confuse               Hex            ####....     2%          3    N/A
c - Tukima's Dance        Hex            ####....     2%          3    N/A
d - Confusing Touch       Hex            ####..       1%          1    N/A
e - Ensorcelled Hibernat  Hex/Ice        ###...       2%          2    N/A
f - Dazzling Spray        Conj/Hex       ###...       7%          3    N/A

Your spell library contained the following spells:

 Spells                   Type           Power        Failure   Level  Hunger
 Slow                     Hex            ####....     1%          2    N/A
 Magic Dart               Conj           ##..         6%          1    N/A
 Blink                    Tloc           N/A          22%         2    N/A
 Call Imp                 Summ           #.......     22%         2    N/A
 Conjure Flame            Conj/Fire      ##......     28%         3    N/A
 Mephitic Cloud           Conj/Pois/Air  #.......     32%         3    N/A
 Gell's Gravitas          Tloc           #.........   41%         3    N/A
 Metabolic Englaciation   Hex/Ice        ###.......   45%         5    N/A
 Yara's Violent Unravell  Hex/Tmut       ###.......   67%         5    N/A
 Petrify                  Tmut/Erth      #.......     82%         4    N/A

Dungeon Overview and Level Annotations

Branches:
Dungeon (7/15)             Temple (1/1) D:6

Altars:
Ashenzari
Cheibriados
Dithmenos
Elyvilon
Fedhas
Hepliaklqana
Kikubaaqudgha
Nemelex Xobeh
Okawaru
Qazlal
Ru
Sif Muna
Trog
Uskayaw
Vehumet
Xom
Yredelemnul
The Shining One

Shops:
D:5 *

Annotations:
D:1 exclusion: kobold
D:4 1 runed translucent door, exclusion: 4 slaves, Crazy Yiuf; Eustachio; Pikel
D:5 2 transporters, Grizz's ghost, amateur MiFi
D:6 exclusion: hornet
D:7 Joseph


Innate Abilities, Weirdness & Mutations

You do not eat.
You do not regenerate when monsters are visible.
You are frail without blood (-20% HP).
You can heal yourself when you bite living creatures.
You are immune to poison.
You have razor-sharp teeth.
You have supernaturally acute eyesight. (SInv)
You can survive without breathing.


Message History

* * * LOW HITPOINT WARNING * * *
You completely miss the orc priest. Your bite misses the orc priest.
The goblin barely misses you.
You hit the orc priest but do no damage.
The bat hits you but does no damage. The ooze hits you but does no damage.
The orc priest hits you with a +0 club.
* * * LOW HITPOINT WARNING * * *
It was a potion of flight.
You feel very buoyant.
You fly up into the air.
The bat barely misses you. The goblin hits you.
* * * LOW HITPOINT WARNING * * *
You hit the orc priest but do no damage.
The orc priest appears confused.
The ooze closely misses you.
Okay, then.
Unknown command.
You draw a card...
You have drawn Foxfire.
The deck of cards glows with a rainbow of weird colours and disappears.
The bat misses you. The goblin hits you but does no damage. The ooze hits you.
You die...
Your body disappears without a glow.

.....## #....#..##
.....# ##........##
....## #..........##
....# ##...........# ###
...## #............##
#..### ..##
##..........)o)###....oo
..#
#........l.[)#..#......o
.##
#........lJ†###.........
## #..........@#
#........o
####.....bg###..o...o...
##########...........
.........o...
...#..........
...#...........
..###..........


You could see 2 wyverns, an orc priest (confused), an ooze, a goblin and a bat.

Vanquished Creatures
  2 hippogriffs (D:7)
  A water moccasin (D:5)
  2 sky beasts
  An ogre (D:4)
  3 centaurs
  4 bullfrogs
  A water moccasin skeleton (D:3)
  3 howler monkeys
  3 wights (D:7)
  A crimson imp (D:6)
  A jelly (D:4)
  3 hounds
  5 orc priests
  An iguana (D:7)
  Jessica (D:3)
  5 orc wizards
  4 worker ants
  A killer bee zombie (D:7)
  12 adders
  A river rat (D:7)
  2 shadow imps
  An adder zombie (D:5)
  An adder skeleton (D:4)
  2 worms
  3 dart slugs
  3 leopard geckos
  16 orcs
  10 bats
  5 giant cockroaches
  8 hobgoblins
  4 jackals
  8 kobolds
  3 quokkas
  2 ball pythons
  7 frilled lizards
  5 goblins
  A leopard gecko skeleton (D:7)
  9 rats
145 creatures vanquished.

Vanquished Creatures (collateral kills)
  An ogre (D:6)
  4 killer bees (D:7)
  4 orcs
9 creatures vanquished.

Vanquished Creatures (others)
  6 dancing weapons
  An adder (D:3)
  A leopard gecko (D:3)
  A bat (D:3)
  2 goblins (D:3)
  A rat (D:3)
  6 plants (D:5)
18 creatures vanquished.

Grand Total: 172 creatures vanquished

Notes
Turn   | Place    | Note
-------+----------+-------------------------------------------
     0 | D:1      | Matador8 the Vampire Enchanter began the quest for the Orb.
     0 | D:1      | Reached XP level 1. HP: 13/13 MP: 3/3
   171 | D:1      | Reached skill level 2 in Short Blades
   231 | D:1      | Reached XP level 2. HP: 15/19 MP: 3/5
   419 | D:1      | Reached skill level 3 in Short Blades
   778 | D:2      | Reached XP level 3. HP: 24/24 MP: 6/6
   783 | D:2      | Learned a level 3 spell: Confuse
   887 | D:2      | Reached skill level 5 in Hexes
   970 | D:2      | Reached XP level 4. HP: 30/30 MP: 7/7
  1333 | D:2      | Learned a level 3 spell: Tukima's Dance
  1335 | D:2      | Learned a level 1 spell: Confusing Touch
  1933 | D:3      | Noticed Jessica
  1949 | D:3      | Killed Jessica
  1949 | D:3      | Reached XP level 5. HP: 28/28 MP: 1/10
  2026 | D:3      | Learned a level 2 spell: Ensorcelled Hibernation
  2514 | D:3      | Reached skill level 5 in Stealth
  2879 | D:3      | Reached XP level 6. HP: 32/32 MP: 11/11
  2903 | D:3      | Learned a level 3 spell: Dazzling Spray
  2964 | D:3      | Found a shimmering blue altar of Sif Muna.
  2993 | D:3      | Found a white marble altar of Elyvilon.
  3278 | D:4      | Noticed a slave
  3541 | D:4      | Noticed Pikel
  3541 | D:4      | Noticed a slave
  3541 | D:4      | Noticed a slave
  3541 | D:4      | Noticed a slave
  3675 | D:4      | Found an iron altar of Okawaru.
  3689 | D:4      | Found a shadowy altar of Dithmenos.
  3744 | D:4      | Noticed Eustachio
  3775 | D:5      | Entered Level 5 of the Dungeon
  3795 | D:5      | Reached skill level 4 in Short Blades
  3795 | D:5      | Reached skill level 1 in Conjurations
  3801 | D:5      | Identified the cursed +0 ring mail of Perpetual Drought
                  | {MR- Slay+5}
  3801 | D:5      | Identified the +1 shield "Cuimpoa" {*Contam rElec MR+
                  | Slay+2}
  3815 | D:5      | Found a transporter.
  4117 | D:5      | Reached XP level 7. HP: 30/36 MP: 6/13
  4222 | D:5      | Found the +0 Maxwell's etheric cage {RegenMP+ *Contam rElec
                  | MP+4}
  4316 | D:5      | Reached skill level 5 in Short Blades
  4441 | D:5      | Found a hazy altar of Hepliaklqana.
  4462 | D:5      | Found Iluch's Serpentskin Sales.
  4579 | D:5      | Reached skill level 6 in Short Blades
  4721 | D:5      | Found a transporter.
  5260 | D:5      | Reached skill level 1 in Ice Magic
  5271 | D:5      | Reached XP level 8. HP: 22/41 MP: 5/14
  5521 | D:6      | Found a staircase to the Ecumenical Temple.
  5529 | Temple   | Entered the Ecumenical Temple
  5768 | Temple   | Became a worshipper of Nemelex Xobeh the Trickster
  5810 | D:6      | Received a gift from Nemelex Xobeh
  5829 | D:6      | Reached skill level 7 in Short Blades
  5945 | D:6      | Found a stormy altar of Qazlal.
  5948 | D:6      | Noticed an air elemental
  6136 | D:6      | Noticed a hornet
  6259 | D:6      | Reached skill level 8 in Short Blades
  6404 | D:6      | Found a shattered altar of Ashenzari.
  6623 | D:5      | Noticed Grizz's ghost (amateur MiFi)
  6933 | D:4      | Found a runed translucent door.
  6934 | D:4      | Noticed Crazy Yiuf
  7117 | D:7      | Reached * piety under Nemelex Xobeh
  7183 | D:7      | Reached skill level 9 in Short Blades
  7199 | D:7      | Noticed a hippogriff
  7210 | D:7      | Killed a hippogriff
  7280 | D:7      | Reached XP level 9. HP: 45/45 MP: 3/15
  7697 | D:7      | Reached skill level 10 in Short Blades
  7701 | D:7      | Reached skill level 1 in Invocations
  7976 | D:7      | Found a radiant altar of Vehumet.
  8042 | D:7      | Noticed Joseph
  8114 | D:7      | Reached skill level 1 in Fighting
  8160 | D:7      | Slain by an ooze

Levels and vault maps discovered:
D:1:      nzn_arrival_water_spiral, layout_loops_cross, minmay_strange_pillars
D:2:      layout_basic, first_ration, kennysheep_generic_room_15
D:3:      layout_basic, led_sif_pool, elyvilon_altar_4, uniq_jessica
D:4:      layout_rooms, okawaru_gym_becter, minmay_misc_feat_more_columns,
          grunt_dithmenos_smoke, uniq_crazy_yiuf_cottage, uniq_eustachio,
          uniq_pikel
D:5:      layout_basic, kennysheep_mini, gammafunk_ghost_gnarly_gnolls,
          minmay_holes, guppyfry_shop_venom
D:6:      minmay_chambers_of_fours, layout_loops_ring, ashenzari_altar_1,
          nicolae_qazlal_style_of_elements, minmay_temple_entry_mist,
          hangedman_decor_opposing
D:7:      layout_cave_pods, basic_altar, uniq_joseph
Temple:   minmay_temple_curvy_loop

Skill      XL: |  1  2  3  4  5  6  7  8  9 |
---------------+----------------------------+-----
Short Blades   | 2 3 4 6 9 10 | 10.0
Hexes          | 5 6 7 |  7.0
Spellcasting   | 3 4 |  4.0
Stealth        | 5 |  5.6
Conjurations   | 1 2 |  2.3
Ice Magic      | 1 3 |  3.0
Invocations    | 3 |  3.1
Fighting       | 1 |  1.1
Dodging        | |  2.1

Action                   |  1- 3 |  4- 6 |  7- 9 || total
-------------------------+-------+-------+-------++-------
Melee: Dagger            |    96 |   210 |   209 ||   515
       Bite              |     7 |    17 |    24 ||    48
 Cast: Corona            |    26 |     6 |     3 ||    35
       Confuse           |     2 |    14 |    15 ||    31
       Confusing Touch   |       |    28 |    27 ||    55
       Tukima's Dance    |       |    12 |    16 ||    28
       Dazzling Spray    |       |       |     6 ||     6
       Ensorcelled Hiber |       |       |     7 ||     7
 Abil: Exsanguinate      |       |     1 |       ||     1
       End Transformatio |       |       |     1 ||     1
       Bat Form          |       |       |     1 ||     1
       Draw Destruction  |       |       |     5 ||     5
       Draw Summoning    |       |       |     2 ||     2
       Draw Escape       |       |       |     1 ||     1
  Use: Scroll            |       |     2 |     1 ||     3
       Potion            |       |       |     4 ||     4
 Stab: Sleeping          |     9 |    14 |    17 ||    40
       Confused          |     1 |    21 |    13 ||    35
       Distracted        |       |     2 |     1 ||     3
       Invisible         |       |       |     4 ||     4
Armor: Robe              |     7 |    30 |    40 ||    77
Dodge: Dodged            |    57 |    84 |   114 ||   255
